 Dungeon Crawl Stone Soup version 0.29-a0-451-gfbfa42419e (webtiles) character file.

Game seed: 8747106828423657560

116 lesaewzxc the Ducker (level 5, -8/31 HPs)
             Began as a Kobold Arcane Marksman on May 14, 2022.
             Was a Follower of Makhleb.
             Killed by divine providence
             ... invoked by an orc priest
              (14 damage)
             ... on level 4 of the Dungeon on May 19, 2022.
             The game lasted 00:17:30 (2095 turns).

lesaewzxc the Ducker (Kobold Arcane Marksman)       Turns: 2095, Time: 00:17:30

Health: -8/31      AC: 11    Str:  6 (7)  XL:     5   Next: 21%
Magic:  7/7        EV:  9    Int: 12 (14) God:    Makhleb [*.....]
Gold:   92         SH:  0    Dex: 17 (18) Spells: 3/7 levels left

rFire   . . .      SeeInvis .   l - +3 falchion (holy)
rCold   . . .      Faith    .   b - orb {light}
rNeg    . . .      Spirit   .   k - +1 scale mail
rPois   .          Reflect  .   h - +0 helmet
rElec   .          Harm     .   p - +0 cloak
rCorr   .          Rampage  .   d - +0 pair of gloves
Will    .....                   e - +0 pair of boots
Stlth   +.........              (no amulet)
HPRegen 0.10/turn               (no ring)
MPRegen 0.10/turn               (no ring)

@: glowing
A: small, no large weapons, nightstalker 3
a: Renounce Religion


You were on level 4 of the Dungeon.
You worshipped Makhleb.
Makhleb was aware of your devotion.
You visited 1 branch of the dungeon, and saw 4 of its levels.

You collected 92 gold pieces.

Inventory:

Hand Weapons
 a - a +0 hand crossbow
 l - a +3 falchion of holy wrath (weapon)
Armour
 b - an orb of light (worn)
 d - a +0 pair of gloves (worn)
 e - a +0 pair of boots (worn)
 g - a +0 leather armour
 h - a +0 helmet (worn)
 k - a +1 scale mail (worn)
 p - a +0 cloak (worn)
Jewellery
 i - a +4 ring of protection
Wands
 j - a wand of mindburst (11) (quivered)
Scrolls
 c - a scroll of vulnerability
 f - a scroll of amnesia {unknown}
 n - 2 scrolls of identify
 o - a scroll of teleportation {unknown}
Potions
 m - a potion of attraction


   Skills:
 * Level 2.7 Fighting
 * Level 0.6 Long Blades
 - Level 3.2 Crossbows
 + Level 0.7 Armour
 * Level 3.5 Dodging
 + Level 1.9 Spellcasting
 + Level 3.3 Hexes


You had 3 spell levels left.
You knew the following spells:

 Your Spells              Type           Power      Damage    Failure   Level
a - Slow                  Hex            36%        N/A       75%         1
b - Inner Flame           Hex/Fire       5%         N/A       100%        3

Your spell library contained the following spells:

 Spells                   Type           Power      Damage    Failure   Level
 Portal Projectile        Hex/Tloc       10%        N/A       100%        3
 Cause Fear               Hex            4%         N/A       100%        4


Dungeon Overview and Level Annotations

Branches:
Dungeon (4/15)
 Temple: D:4-7

Altars:
Makhleb
Trog
Uskayaw


Innate Abilities, Weirdness & Mutations

You are small and have problems with some larger weapons.
You are completely attuned to the shadows.


Message History

An orc priest comes into view. It is wielding a +0 short sword.
The orc priest shouts!
You hit the orc.
The orc is severely wounded.
You hear a shout!
The orc priest barely misses you.
An orc comes into view. It is wielding a +0 club.
The orc hits you with a +0 trident.
You barely miss the orc.
The orc is heavily wounded.
The orc priest barely misses you. The orc barely misses you.
The orc priest hits you but does no damage.
The orc priest calls upon Beogh to heal the orc.
The orc's wounds heal themselves!
The orc barely misses you.
You barely miss the orc priest.
The orc priest hits you with a +0 dagger.
The orc priest looks satisfied for a moment.
You barely miss the orc priest.
The orc priest calls down the wrath of Beogh upon you.
Beogh smites you!
* * * LOW HITPOINT WARNING * * *
The orc barely misses you. x2
Aiming: Mindburst
Press: ? - help, Q - select action, (/) - cycle Shift-Dir - straight line, f - orc priest
Aim: an orc priest, wielding a +0 dagger (haloed, chance to affect: 64%)
The orc priest's mind is blasted!
You blow up the orc priest!
Makhleb accepts your kill. The orc hits you but does no damage.
You feel your dexterity returning.
You have reached level 5!
You feel agile.
Aiming: Mindburst
Press: ? - help, Q - select action, (/) - cycle Shift-Dir - straight line, f - orc priest
Aim: an orc priest, wielding a +0 dagger (haloed, chance to affect: 64%)
The orc barely resists.
The orc closely misses you. The orc barely misses you.
The orc priest invokes the aid of Beogh against you.
Beogh smites you!
You die...

######### #.......#
#.#####.# #.###.#.#
## #.#.[.#.# .# #
####.#.#.#.#####.#.#
...†....<...........
####...########@##.#
###.......oo)o..#
#........o#.####
#.........#.#
#........ #.#
#......


You could see 2 orc priests and 2 orcs.

Vanquished Creatures
  An orc priest (D:4)
  Terence (D:2)
  2 adders
  A dart slug (D:1)
  3 orcs (D:3)
  2 ball pythons
  A bat (D:2)
  2 endoplasms (D:1)
  3 giant cockroaches
  2 goblins (D:1)
  4 hobgoblins
  5 jackals (D:1)
  2 quokkas
  4 frilled lizards
  4 kobolds
37 creatures vanquished.

Notes
Turn   | Place    | Note
-------+----------+-------------------------------------------
     0 | D:1      | lesaewzxc the Kobold Arcane Marksman began the quest for
                  | the Orb.
     0 | D:1      | Reached XP level 1. HP: 12/12 MP: 2/2
    67 | D:1      | Reached XP level 2. HP: 16/16 MP: 3/3
   690 | D:1      | Reached XP level 3. HP: 20/21 MP: 5/5
   707 | D:1      | Learned a level 3 spell: Inner Flame
   882 | D:1      | Found a faded altar of an unknown god.
   890 | D:1      | Prayed at the altar of an unknown god.
   890 | D:1      | Became a worshipper of Makhleb the Destroyer
   890 | D:1      | Reached * piety under Makhleb
  1175 | D:2      | Noticed Terence
  1179 | D:2      | Killed Terence
  1180 | D:2      | Reached XP level 4. HP: 26/26 MP: 4/6
  1496 | D:3      | Found a bloodstained altar of Trog.
  1662 | D:3      | Found a hide-covered altar of Uskayaw.
  1666 | D:3      | Noticed a +0 dagger
  1667 | D:3      | Noticed a +0 falchion
  1668 | D:3      | Noticed a +0 short sword
  1668 | D:3      | Noticed a +0 spear
  1669 | D:3      | Noticed a +0 spear
  1669 | D:3      | Noticed a +0 short sword
  1759 | D:3      | Noticed a +0 falchion
  1759 | D:3      | Noticed a +0 dagger
  2046 | D:3      | Upgraded the game from 0.29-a0-409-gd843f3a48c to
                  | 0.29-a0-451-gfbfa42419e
  2095 | D:4      | Reached XP level 5. HP: 6/31 MP: 7/7
  2095 | D:4      | Killed from afar by an orc priest

Illustrated notes

Levels and vault maps discovered:
D:1:      lemuel_arrival_room, layout_basic,
          ebering_ecumenical_altar_sacrificial
D:2:      layout_loops_ring, uniq_terence
D:3:      layout_basic, lemuel_doored_altar, nicolae_uskayaw_en_pointe,
          general_overflow_altar, serial_co_window_serial,
          co_window_of_opportunity_a, co_window_cross_1, co_window_corner_a,
          co_window_corner_a, co_window_paths_b, co_window_broadway_b,
          co_window_unsneaky_path_d, co_window_of_opportunity_c,
          co_window_2corner, co_window_corner_b, co_window_paths_d,
          interstate_on_off, minmay_crystal_water, grunt_decor_arrowhead
D:4:      dreamdust_elfheim, layout_basic, nicolae_ru_path_of_blood,
          kennysheep_diamond

Skill      XL: |  1  2  3 |
---------------+----------+-----
Crossbows      | 3 |  3.2
Fighting       | 2 |  2.7
Dodging        | 3 |  3.5
Long Blades    | |  0.6
Armour         | |  0.7
Spellcasting   | |  1.9
Hexes          | |  3.3

Action                   |  1- 3 |  4- 6 || total
-------------------------+-------+-------++-------
Melee: Falchion          |       |    32 ||    32
 Fire: Hand crossbow     |    76 |       ||    76
 Cast: Slow              |     4 |       ||     4
Evoke: Wand              |     1 |     2 ||     3
  Use: Scroll            |     1 |     3 ||     4
       Potion            |       |     4 ||     4
 Stab: Sleeping          |       |     1 ||     1
Armor: Robe              |     5 |       ||     5
       Leather armour    |     9 |     6 ||    15
       Scale mail        |       |     7 ||     7
Dodge: Dodged            |    61 |    30 ||    91

Table legend: (Time is in decaauts)
 A = Elapsed time spent in this place.
 B = Non-inter-level travel time spent in this place.
 C = Inter-level travel time spent in this place.
 D = Time resting spent in this place.
 E = Time spent auto-exploring this place.
 F = Levels seen in this place.
 G = Mean time per level.
                   A        B        C        D        E       F      G
               +--------+--------+--------+--------+--------+-----+--------+
         Total |   2132 |   2116 |     16 |      0 |    561 |   4 |  533.0 |
       Dungeon |   2132 |   2116 |     16 |      0 |    561 |   4 |  533.0 |
               +--------+--------+--------+--------+--------+-----+--------+

Top non-repeatable levels by time:
     D:1: 925 daAuts
     D:3: 650 daAuts
     D:2: 512 daAuts
     D:4: 44 daAuts
